 Dungeon Crawl Stone Soup version 0.18.1-48-g4cf74bf (webtiles) character file.

33339 dearth the Warrior (level 13, -2/126 HPs)
             Began as a Minotaur Fighter on Aug 7, 2016.
             Was a Priest of Qazlal.
             Slain by an unseen horror (7 damage)
             ... on level 15 of the Dungeon.
             The game lasted 01:17:08 (16714 turns).

dearth the Warrior (Minotaur Fighter)              Turns: 16714, Time: 01:17:08

Health: -2/126     AC: 11    Str: 28    XL:     13   Next: 36%
Magic:  5/5        EV: 13    Int:  5    God:    Qazlal [***...]
Gold:   775        SH: 17    Dex: 13    Spells: 0 memorised, 12 levels left

rFire  + . .     SeeInvis .     b - +7 mace of Forced Transition {antimagic, rElec Str+5}
rCold  + . .     Gourm    +     I - +1 scale mail {rC+}
rNeg   . . .     Faith    .     c - +1 shield
rPois  +         Spirit   .     (helmet restricted)
rElec  +         Dismiss  .     n - +1 cloak
rCorr  .         Reflect  .     (no gloves)
SustAt .         Harm     .     (no boots)
MR     .....                    e - amulet of the gourmand
Stlth  ..........               C - ring of protection from fire
                                k - ring of poison resistance

@: about to teleport, not resistant to hostile enchantments, extremely
unstealthy
A: retaliatory headbutt, horns 2
a: Upheaval, Elemental Force, Renounce Religion


You were on level 15 of the Dungeon.
You worshipped Qazlal.
Qazlal was most pleased with you.
You were not hungry.

You visited 2 branches of the dungeon, and saw 16 of its levels.

You collected 1105 gold pieces.
You spent 330 gold pieces at shops.

Inventory:

Hand Weapons
 b - the +7 mace of Forced Transition (weapon) {antimagic, rElec Str+5}
   (You found it on level 9 of the Dungeon)

   It disrupts the flow of magical energy around spellcasters and certain
   magical creatures (including the wielder).
   It affects your strength (+5).
   It insulates you from electricity.
 G - a +1 flail of protection
Missiles
 i - 64 poisoned needles (quivered)
Armour
 c - a +1 shield (worn)
 n - a +1 cloak (worn)
 H - the +4 scale mail of the Known World {Dex+3}
   (You found it on level 11 of the Dungeon)

   It affects your dexterity (+3).
 I - a +1 scale mail of cold resistance (worn)
 J - a +2 ring mail of fire resistance
Jewellery
 e - an amulet of the gourmand (around neck)
 j - an uncursed ring of resist corrosion
 k - a ring of poison resistance (left hand)
 y - a cursed -5 ring of strength {unknown}
 C - a ring of protection from fire (right hand)
Wands
 a - a wand of confusion (21/48)
 o - a wand of flame (22/48)
 q - a wand of polymorph (9/24)
 u - a wand of slowing (48/48)
 v - a wand of confusion (13/48)
 E - a wand of flame (42/48)
Scrolls
 d - 5 scrolls of amnesia
 h - 13 scrolls of identify
 s - 3 scrolls of enchant armour
 t - 4 scrolls of remove curse
 w - 3 scrolls of teleportation
 A - 4 scrolls of recharging
 B - 3 scrolls of fog
 L - a scroll of blinking
 M - a scroll of enchant weapon
 N - a scroll of fear {unknown}
 O - a scroll of vulnerability {unknown}
Potions
 g - 2 potions of curing
 l - 4 potions of cure mutation
 p - 3 potions of magic
 x - 2 potions of brilliance
 z - a potion of heal wounds
Comestibles
 f - 11 bread rations
 m - 9 fruits
 r - 5 meat rations
 D - a slice of pizza
 F - a royal jelly
 K - 2 beef jerkies


   Skills:
 + Level 15.1 Fighting
 + Level 14.9 Maces & Flails
 + Level 9.4 Armour
 + Level 7.6 Dodging
 + Level 8.9 Shields
 + Level 3.1 Invocations
 + Level 6.1 Evocations


You had 12 spell levels left.
You didn't know any spells.

Dungeon Overview and Level Annotations

Branches:
Dungeon (15/15)            Temple (1/1) D:4            Lair (0/8) D:10
    Orc (0/2) D:11         Vaults (0/5) D:13
 Depths: D:15

Altars:
Ashenzari
Cheibriados
Dithmenos
Elyvilon
Fedhas
Gozag
Kikubaaqudgha
Makhleb
Nemelex Xobeh
Okawaru
Pakellas
Qazlal
Ru
Sif Muna
Trog
Vehumet
Xom
Yredelemnul
Zin
The Shining One
Beogh

Shops:
D:7 =::![   D:12 (


Innate Abilities, Weirdness & Mutations

You reflexively headbutt those who attack you in melee.
You have a pair of horns on your head.


Message History

* * * LOW HITPOINT WARNING * * *
You are splashed with acid!
The acid burns!
* * * LOW HITPOINT WARNING * * *
Read which item? (? for menu, Esc to quit)
As you read the scroll of teleportation, it crumbles to dust.
You feel strangely unstable.
You are no longer corroded.
Something hits you.
* * * LOW HITPOINT WARNING * * *
The brown ugly thing barely misses you.
You bludgeon the brown ugly thing!! You headbutt the brown ugly thing.
The brown ugly thing is almost dead.
Something hits you but does no damage. The brown ugly thing misses you.
Something hits you but does no damage.
Unknown command.
You hit something. Something hits you but does no damage.
You block the brown ugly thing's attack.
Unknown command.
Something hits you!
You die...

#.#####.#
#.#...#.#
#.#.#.#.#.#
#.#.#.#.#.#
#.#.#.#.#.#
#†#.#.#.#.#
#u#...#.#.#
#.#.#.#[#.#
#@....#.#.#
####.......###
..............#
#########.###.#
#......#...#
#####'######.###
#......?# #.#
#.......# #.#
#.......# #.#


You could see a brown ugly thing.

Vanquished Creatures
  Kirke (D:14)
  A salamander stormcaller (D:11)
  The ghost of ThereIsNoGod the Severer, a journeyman MiGl of Makhleb (D:11)
  A hydra (D:13)
  A centaur warrior (D:13)
  Erica (D:8)
  Urug (D:13)
  Nergalle (D:10)
  2 unseen horrors
  5 hill giants
  7 ugly things
  A deep elf mage (D:11)
  6 slime creatures (D:12)
  3 cyclopes
  A manticore (D:11)
  Maurice (D:8)
  2 guardian serpents (shapeshifter)
  Joseph (D:8)
  A gargoyle (D:11)
  3 centaur skeletons
  2 kobold demonologists (D:11)
  A komodo dragon (D:15)
  7 trolls
  A two-headed ogre (D:11)
  A shadow (D:15)
  A spriggan (D:7)
  Sigmund (D:3)
  2 wyverns
  A hungry ghost (D:12)
  15 yaks
  A hog (D:14)
  2 wraiths
  3 hippogriffs
  A basilisk (D:11)
  4 vampire mosquitoes (D:14)
  A mottled dragon (D:15)
  Duvessa (D:6)
  2 ice beasts
  4 orc warriors
  5 ogres
  3 necrophages
  A phantom (D:5)
  5 sky beasts
  10 centaurs
  A crocodile (shapeshifter) (D:13)
  A crocodile (D:10)
  6 big kobolds
  9 giant frogs
  A gnoll sergeant (D:8)
  A wyvern zombie (D:11)
  3 scorpions
  A wyvern skeleton (D:11)
  Dowan (D:7)
  14 killer bees
  16 wights
  6 howler monkeys
  2 crimson imps
  5 centaur zombies
  4 jellies
  2 wyvern simulacra
  2 giant frog zombies
  10 orc priests
  2 giant frog skeletons
  3 hounds
  A gnoll shaman (D:7)
  6 orc wizards
  6 iguanas
  9 worker ants
  A killer bee zombie (D:10)
  3 sheep (D:12)
  A hound zombie (D:8)
  3 hound skeletons
  A worker ant zombie (D:11)
  A howler monkey skeleton (D:10)
  6 gnolls
  10 adders
  6 shadow imps
  3 oozes
  2 adder zombies
  An adder skeleton (D:10)
  3 worms
  3 dart slugs (D:1)
  5 giant geckos
  27 orcs
  2 ball pythons
  7 bats
  7 giant cockroaches
  9 goblins
  4 hobgoblins
  11 jackals
  3 quokkas
  A giant cockroach zombie (D:6)
  5 giant newts
  A jackal zombie (D:8)
  26 kobolds
  A quokka skeleton (D:5)
  6 rats
387 creatures vanquished.

Vanquished Creatures (others)
  A water elemental (D:15)
  A hippogriff (D:15)
  A human (D:14)
  An orc wizard (D:5)
  A bush (D:10)
5 creatures vanquished.

Grand Total: 392 creatures vanquished

Notes
Turn   | Place    | Note
--------------------------------------------------------------
     0 | D:1      | dearth the Minotaur Fighter began the quest for the Orb.
     0 | D:1      | Reached XP level 1. HP: 19/19 MP: 0/0
    87 | D:1      | Reached XP level 2. HP: 27/27 MP: 1/1
    91 | D:1      | Reached skill level 4 in Fighting
   650 | D:1      | Reached XP level 3. HP: 32/33 MP: 2/2
  1912 | D:3      | Reached XP level 4. HP: 41/41 MP: 3/3
  1965 | D:3      | Found an opulent altar of Gozag.
  2280 | D:3      | Noticed Sigmund
  2866 | D:3      | Noticed a sky beast
  2878 | D:3      | Reached skill level 5 in Fighting
  2894 | D:3      | Killed a sky beast
  2894 | D:3      | Reached skill level 5 in Maces & Flails
  2894 | D:3      | Reached XP level 5. HP: 23/49 MP: 4/4
  3305 | D:3      | Killed Sigmund
  3305 | D:3      | Reached skill level 6 in Fighting
  3305 | D:3      | Reached XP level 6. HP: 41/58 MP: 5/5
  3746 | D:4      | Reached skill level 7 in Fighting
  3944 | D:4      | Found a staircase to the Ecumenical Temple.
  3950 | Temple   | Entered the Ecumenical Temple
  4067 | D:5      | Entered Level 5 of the Dungeon
  4105 | D:4      | Reached XP level 7. HP: 56/66 MP: 6/6
  4382 | D:5      | Reached skill level 8 in Fighting
  4855 | D:6      | Noticed a yak
  4856 | D:6      | Noticed a yak
  4876 | D:6      | Killed a yak
  4876 | D:6      | Reached XP level 8. HP: 66/75 MP: 7/7
  5205 | D:6      | Reached skill level 9 in Fighting
  5636 | D:7      | Found Tepsi's Distillery.
  5649 | D:7      | Reached skill level 10 in Fighting
  5658 | D:7      | Bought a potion of heal wounds for 55 gold pieces
  5658 | D:7      | Bought a potion of cure mutation for 275 gold pieces
  5665 | D:7      | Gained mutation: Your mind is acute. (Int +2) [potion of mutation]
  5665 | D:7      | Gained mutation: Your body sometimes deteriorates upon taking damage. [potion of mutation]
  5666 | D:7      | Lost mutation: Your body sometimes deteriorates upon taking damage. [potion of cure mutation]
  5666 | D:7      | Lost mutation: Your mind is acute. (Int +2) [potion of cure mutation]
  5715 | D:7      | Found Wuyjuqeh's Antique Armour Emporium.
  5722 | D:7      | Reached skill level 10 in Maces & Flails
  5814 | D:7      | Noticed Dowan
  5848 | D:7      | Killed Dowan
  5911 | D:7      | Noticed Duvessa
  5912 | D:7      | Found an oddly glowing altar of Pakellas.
  5912 | D:7      | Found an iron altar of Okawaru.
  5912 | D:7      | Found a white marble altar of Elyvilon.
  5912 | D:7      | Found a blossoming altar of Fedhas.
  5988 | D:6      | Killed Duvessa
  5988 | D:6      | Reached XP level 9. HP: 29/86 MP: 8/8
  6391 | D:7      | Found an ancient bone altar of Kikubaaqudgha.
  6391 | D:7      | Found a sacrificial altar of Ru.
  6445 | D:7      | Found Imeam's Book Boutique.
  6516 | D:7      | Found Mara's Jewellery Shoppe.
  6791 | D:7      | Found Edixuen's Book Emporium.
  6825 | D:7      | Reached skill level 11 in Fighting
  7136 | D:7      | Found a deep blue altar of Sif Muna.
  7488 | D:8      | Noticed Maurice
  7608 | D:8      | Killed Maurice
  7608 | D:8      | Reached skill level 12 in Fighting
  7651 | D:8      | Noticed Erica
  7671 | D:8      | Killed Erica
  7671 | D:8      | Reached XP level 10. HP: 62/98 MP: 9/9
  7733 | D:8      | Noticed Joseph
  7758 | D:8      | Killed Joseph
  8390 | D:9      | Got a brightly glowing mace
  8391 | D:9      | Identified the +7 mace of Forced Transition {antimagic, rElec Str+5} (You found it on level 9 of the Dungeon)
  8788 | D:10     | Entered Level 10 of the Dungeon
  8884 | D:10     | Reached skill level 13 in Fighting
  9475 | D:10     | Found a staircase to the Lair.
  9490 | D:10     | Noticed Nergalle
  9537 | D:10     | Noticed a spectral orc warlord
 10073 | D:10     | Killed Nergalle
 10073 | D:10     | Reached skill level 1 in Dodging
 10073 | D:10     | Reached skill level 1 in Evocations
 10511 | D:11     | Noticed a cyclops
 10563 | D:11     | Killed a cyclops
 10572 | D:11     | Noticed a hill giant
 10578 | D:11     | Killed a hill giant
 10578 | D:11     | Reached XP level 11. HP: 46/106 MP: 3/11
 10644 | D:11     | Noticed ThereIsNoGod's ghost (journeyman MiGl)
 10746 | D:10     | Reached skill level 5 in Armour
 11056 | D:11     | Killed ThereIsNoGod's ghost
 11056 | D:11     | Reached skill level 5 in Shields
 11418 | D:11     | Noticed a purple ugly thing
 11446 | D:11     | Killed a purple ugly thing
 11660 | D:11     | Noticed a deep elf mage
 11683 | D:11     | Killed a deep elf mage
 11770 | D:11     | Noticed a soul eater
 12110 | D:11     | Noticed a salamander stormcaller
 12135 | D:11     | Killed a salamander stormcaller
 12510 | D:11     | Got a faintly humming scale mail
 12576 | D:11     | Identified the +4 scale mail of the Known World {Dex+3} (You found it on level 11 of the Dungeon)
 12618 | D:11     | Killed an unseen horror
 12618 | D:11     | Reached skill level 14 in Fighting
 12916 | D:11     | Noticed a sun demon
 13154 | D:11     | Reached skill level 5 in Dodging
 13221 | D:11     | Noticed a red ugly thing
 13241 | D:11     | Killed a red ugly thing
 13417 | D:11     | Found a staircase to the Orcish Mines.
 13421 | D:11     | Found a roughly hewn altar of Beogh.
 13787 | D:12     | Found a stormy altar of Qazlal.
 13794 | D:12     | Became a worshipper of Qazlal Stormbringer
 13804 | D:12     | Reached XP level 12. HP: 104/116 MP: 4/14
 14016 | D:12     | Found Ynilem Uboe's Antique Weapon Boutique.
 14148 | D:12     | Reached * piety under Qazlal
 14438 | D:12     | Reached skill level 5 in Evocations
 14464 | D:12     | Reached ** piety under Qazlal
 14851 | D:13     | Noticed a centaur warrior
 14871 | D:13     | Killed a centaur warrior
 15100 | D:13     | Noticed a seven-headed hydra
 15115 | D:13     | Killed a seven-headed hydra
 15131 | D:13     | Reached skill level 1 in Invocations
 15154 | D:13     | Found a gate to the Vaults.
 15317 | D:13     | Noticed Urug
 15333 | D:13     | Killed Urug
 15734 | D:14     | Reached XP level 13. HP: 124/124 MP: 5/16
 16065 | D:14     | Reached skill level 15 in Fighting
 16192 | D:14     | Noticed Kirke
 16211 | D:14     | Killed Kirke
 16211 | D:14     | Reached *** piety under Qazlal
 16435 | D:15     | Entered Level 15 of the Dungeon
 16708 | D:15     | HP: 3/126 [something (7)]
 16714 | D:15     | Slain by an unseen horror

Skill      XL: |  1  2  3  4  5  6  7  8  9 10 11 12 13 |
---------------+----------------------------------------+-----
Maces & Flails | 3 4 5 6 8 10 12 13 14 | 14.9
Fighting       | 4 5 6 7 8 10 12 13 14 15 | 15.1
Armour         | 4 6 8 9 |  9.4
Dodging        | 2 5 7 |  7.6
Shields        | 4 6 8 |  8.9
Evocations     | 1 4 5 6 |  6.1
Invocations    | 2 3 |  3.1

Action                   |  1- 3 |  4- 6 |  7- 9 | 10-12 | 13-15 || total
-------------------------+-------+-------+-------+-------+-------++-------
Melee: Flail             |   114 |   100 |   396 |    27 |       ||   637
       Headbutt          |    13 |    16 |    82 |   202 |    34 ||   347
       Mace              |       |       |       |   696 |   121 ||   817
Evoke: Wand              |       |       |       |     1 |       ||     1
  Use: Potion            |       |     1 |     9 |     2 |     2 ||    14
       Scroll            |       |       |       |    15 |     1 ||    16
 Stab: Confused          |       |       |       |     2 |       ||     2
  Eat: Chunk             |     8 |     6 |    18 |    29 |     4 ||    65
       Fruit             |     3 |       |       |       |       ||     3
Armor: Scale mail        |    51 |    54 |   129 |   202 |    20 ||   456
Dodge: Dodged            |    44 |    23 |    76 |   207 |    18 ||   368
Block: Shield            |    70 |    48 |   151 |   369 |    58 ||   696
